 Dungeon Crawl Stone Soup version 0.22.1-2-g9c5b331 (webtiles) character file.

1082 raph the Conjurer (level 8, -6/57 HPs)
             Began as a Grey Draconian Conjurer on Dec 30, 2018.
             Was an Initiate of Vehumet.
             Mangled by Duvessa
             ... wielding a +0 short sword
              (8 damage)
             ... on level 4 of the Dungeon.
             The game lasted 00:15:50 (7222 turns).

raph the Conjurer (Grey Draconian Conjurer)         Turns: 7222, Time: 00:15:50

Health: -6/57      AC: 20    Str: 17    XL:     8   Next: 8%
Magic:  0/14       EV: 13    Int: 16    God:    Vehumet [......]
Gold:   265        SH:  4    Dex: 12    Spells: 6/16 levels left

rFire    . . .     SeeInvis .   a - +3 dagger (protect)
rCold    . . .     Gourm    .   n - +0 buckler
rNeg     . . .     Faith    .   (armour unavailable)
rPois    +         Spirit   .   (helmet restricted)
rElec    .         Reflect  .   s - +0 cloak {rPois}
rCorr    .         Harm     .   p - +0 pair of gloves
MR       +....                  (no boots)
Stlth    ++........             (no amulet)
HPRegen  0.19/turn              i - ring of protection from magic
MPRegen  0.14/turn              (no ring)

@: mighty, protection aura
A: walk through water, unfitting armour, unbreathing, cold-blooded, AC +11
a: Renounce Religion


You were on level 4 of the Dungeon.
You worshipped Vehumet.
Vehumet was noncommittal.
You were near starving.

You visited 1 branch of the dungeon, and saw 5 of its levels.

You collected 265 gold pieces.

Inventory:

Hand Weapons
 a - a +3 dagger of protection (weapon)
 d - a +1 dagger
Armour
 h - a +0 cloak
 n - a +0 buckler (worn)
 p - a +0 pair of gloves (worn)
 s - a +0 cloak of poison resistance (worn)
Jewellery
 i - a ring of protection from magic (left hand)
Wands
 k - a wand of disintegration (7)
Scrolls
 e - 3 scrolls of amnesia
 g - 3 scrolls of teleportation
 q - 2 scrolls of enchant weapon
 r - 2 scrolls of identify
 t - a scroll of remove curse {unknown}
 u - a scroll of blinking
 v - a scroll of immolation {unknown}
Potions
 f - 3 potions of heal wounds {unknown}
 j - 2 potions of mutation {unknown}
 l - a potion of curing {unknown}
 m - a potion of berserk rage
 o - a potion of agility
Comestibles
 b - 7 rations
 w - 4 chunks of flesh


   Skills:
 - Level 4.1 Dodging
 - Level 2.2 Stealth
 * Level 2.4 Shields
 + Level 4.5 Spellcasting
 * Level 7.7 Conjurations


You had 6 spell levels left.
You knew the following spells:

 Your Spells              Type           Power        Failure   Level  Hunger
a - Magic Dart            Conj           ####         1%          1    None
b - Searing Ray           Conj           ####..       1%          2    ##.....
c - Dazzling Spray        Conj/Hex       ###...       12%         3    ###....
d - Iskenderun's Mystic   Conj           ####....     9%          4    ####...

Your spell library contained the following spells:

 Spells                   Type           Power        Failure   Level  Hunger
 Force Lance              Conj/Tloc      ###.....     38%         4    ####...
 Fulminant Prism          Conj/Hex       ###.......   38%         4    ####...


Dungeon Overview and Level Annotations

Branches:
Dungeon (5/15)
 Temple: D:4-7

Altars:
Ashenzari
Elyvilon
Makhleb
Trog
Vehumet
Xom
Yredelemnul
Zin

Annotations:
D:2 Purgy
D:4 Duvessa, Pikel


Innate Abilities, Weirdness & Mutations

You can walk through water.
Your dull iron-grey scales are very hard. (AC +11)
You cannot fit into any form of body armour.
You can survive without breathing.
You are cold-blooded and may be slowed by cold attacks.


Message History

* * * LOW HITPOINT WARNING * * *
Casting: Iskenderun's Mystic Blast (safe; 9% risk of failure)
Confirm with . or Enter, or press ? or * to list all spells.
Aiming: Iskenderun's Mystic Blast (safe; 9% risk of failure)
Press: ? - help, Shift-Dir - straight line, f/p - Duvessa
Aim: Duvessa, wielding a short sword and wearing a leather armour (severely The orb of energy hits Duvessa.
Duvessa is almost dead.
The orb of energy explodes!
You block Duvessa's attack.
You barely miss Duvessa.
Duvessa is almost dead.
Duvessa hits you with a short sword!
* * * LOW HITPOINT WARNING * * *
Duvessa hits you but does no damage.
Evoke which item? (* to show all) (? for menu, Esc to quit)
Aiming: Disintegrate
Press: ? - help, Shift-Dir - straight line, f/p - Duvessa
Aim: Duvessa, wielding a short sword and wearing a leather armour (almost dead, Duvessa resists with some effort.
Duvessa hits you with a short sword!
You die...

.........[....# #.....#
#####.........# ####.....#
#.K...........#####..+...).#
#.#.#.........'...#.##.>...#
#.........<...# #.#.#...#'##
#.##........#.###.#.....#.#
..##e...................#.###
#.###.......................#####
#.# #........<.e@..>..#.#.#.#....
#.##........#########.#...#.#.###
#.#.#####'### #...#.###.#.# #
#...# #.# #...#.###.#.# # #[.#
#.# #...#.......# # ..## #.#
#####...#####.##### ..# #.#
###.................. ..# #.#
#........#######.#### #########.#
#................#


You could see Duvessa (berserk).

Vanquished Creatures
  Sigmund (D:3)
  2 slaves (D:5)
  2 ogres
  A centaur (D:5)
  Blork the orc (D:4)
  Dowan (D:4)
  A howler monkey (D:4)
  3 crimson imps
  A hound (D:5)
  2 orc priests (D:3)
  A jelly (D:5)
  4 orc wizards (D:3)
  Crazy Yiuf (D:5)
  Ijyb (D:3)
  A worker ant (D:4)
  A gnoll (D:4)
  A howler monkey skeleton (D:4)
  A river rat (D:4)
  2 oozes
  2 worms (D:3)
  2 dart slugs
  3 leopard geckos
  9 orcs (D:3)
  7 bats
  5 giant cockroaches
  8 goblins
  9 hobgoblins
  11 kobolds
  3 ball pythons
  6 frilled lizards
  A leopard gecko skeleton (D:2)
  4 rats
98 creatures vanquished.

Vanquished Creatures (others)
  A wizard (D:5)
1 creature vanquished.

Grand Total: 99 creatures vanquished

Notes
Turn   | Place    | Note
-------+----------+-------------------------------------------
     0 | D:1      | raph the Draconian Conjurer began the quest for the Orb.
     0 | D:1      | Reached XP level 1. HP: 14/14 MP: 3/3
   541 | D:1      | Reached XP level 2. HP: 18/20 MP: 0/5
   611 | D:1      | Learned a level 2 spell: Searing Ray
  1382 | D:1      | Reached XP level 3. HP: 26/26 MP: 3/6
  1415 | D:1      | Learned a level 3 spell: Dazzling Spray
  2165 | D:2      | You fall through a shaft!
  2169 | D:3      | Noticed Sigmund
  2183 | D:3      | Noticed Ijyb
  2183 | D:3      | Noticed Purgy
  2203 | D:2      | Found a shattered altar of Ashenzari.
  2635 | D:3      | Killed Ijyb
  2635 | D:3      | Reached XP level 4. HP: 22/33 MP: 0/7
  3123 | D:3      | Reached skill level 5 in Conjurations
  3133 | D:3      | Reached XP level 5. HP: 8/38 MP: 4/9
  3147 | D:3      | Killed Sigmund
  3147 | D:3      | Reached XP level 6. HP: 11/45 MP: 6/10
  3957 | D:3      | Reached skill level 6 in Conjurations
  4948 | D:4      | Noticed Duvessa
  4948 | D:4      | Noticed Dowan
  5098 | D:3      | Learned a level 4 spell: Iskenderun's Mystic Blast
  5322 | D:5      | Entered Level 5 of the Dungeon
  5330 | D:5      | Found a basalt altar of Yredelemnul.
  5589 | D:5      | Noticed a slave
  5590 | D:5      | Noticed a slave
  5627 | D:5      | Killed a slave
  5741 | D:5      | Your scales start taking on a dull iron-grey colour.
  5741 | D:5      | Reached XP level 7. HP: 50/50 MP: 4/12
  5741 | D:5      | Gained mutation: You can survive without breathing. [Grey
                  | Draconian growth]
  5919 | D:5      | Found a glowing silver altar of Zin.
  5932 | D:5      | Found a burning altar of Makhleb.
  5958 | D:5      | Found a white marble altar of Elyvilon.
  5961 | D:5      | Found a radiant altar of Vehumet.
  5965 | D:5      | Became a worshipper of Vehumet
  6054 | D:5      | Reached skill level 7 in Conjurations
  6315 | D:5      | Found a shimmering altar of Xom.
  6419 | D:5      | Found a bloodstained altar of Trog.
  6422 | D:5      | Noticed a wizard
  6427 | D:5      | Killed a wizard
  6450 | D:5      | Found a runed door.
  6454 | D:5      | Noticed Crazy Yiuf
  6460 | D:5      | Killed Crazy Yiuf
  6579 | D:5      | Noticed Pikel
  6635 | D:4      | Reached skill level 1 in Shields
  6842 | D:4      | Noticed Blork the orc
  6867 | D:4      | Killed Blork the orc
  6867 | D:4      | Reached XP level 8. HP: 44/57 MP: 0/14
  7111 | D:4      | Killed Dowan
  7221 | D:4      | HP: 2/57 [Duvessa/short sword (13)]
  7222 | D:4      | Mangled by Duvessa

Skill      XL: |  1  2  3  4  5  6  7 |
---------------+----------------------+-----
Stealth        | 2 |  2.2
Dodging        | 2 3 4 |  4.1
Conjurations   | 5 6 7 |  7.7
Spellcasting   | 3 4 |  4.5
Shields        | 2 |  2.4

Action                   |  1- 3 |  4- 6 |  7- 9 || total
-------------------------+-------+-------+-------++-------
Melee: Dagger            |    84 |    77 |    69 ||   230
       Tailslap          |     5 |     8 |     4 ||    17
 Cast: Magic Dart        |    59 |    57 |    12 ||   128
       Searing Ray       |     1 |    12 |     5 ||    18
       Dazzling Spray    |     1 |     6 |       ||     7
       Iskenderun's Myst |       |       |    18 ||    18
Evoke: Wand              |       |     5 |     1 ||     6
  Use: Scroll            |     4 |     5 |     1 ||    10
       Potion            |       |     2 |     1 ||     3
 Stab: Invisible         |       |     1 |       ||     1
       Sleeping          |       |       |     1 ||     1
  Eat: Chunk             |     4 |     7 |     3 ||    14
       Ration            |     1 |     1 |     1 ||     3
Armor: Skin              |    35 |    43 |    53 ||   131
Dodge: Dodged            |    52 |    76 |    72 ||   200
Block: Buckler           |       |       |     5 ||     5
